 Dungeon Crawl Stone Soup version 0.23-a0-554-gd3cbc84 (webtiles) character file.

296 galech the Skirmisher (level 6, 34/48 HPs)
             Began as a Demonspawn Fighter on Dec 10, 2018.
             Quit the game on level 3 of the Dungeon.
             The game lasted 00:02:50 (2258 turns).

galech the Skirmisher (Demonspawn Fighter)          Turns: 2258, Time: 00:02:50

Health: 34/48      AC: 11    Str: 22    XL:     6   Next: 12%
Magic:  6/6        EV:  4    Int: 10    God:
Gold:   93         SH:  9    Dex: 14    Spells: 5/5 levels left

rFire    . . .     SeeInvis .   a - +0 war axe
rCold    . . .     Gourm    .   c - +0 shield
rNeg     . . .     Faith    .   s - +0 plate armour (curse)
rPois    .         Spirit   .   (helmet restricted)
rElec    .         Reflect  .   (no cloak)
rCorr    .         Harm     .   (no gloves)
MR       .....                  (no boots)
Stlth    ..........             t - amulet of rage
HPRegen  0.16/turn              n - +6 ring of strength
MPRegen  0.10/turn              (no ring)

@: no status effects
A: antennae 2, talons 1, spiny 2
a: Evoke Berserk Rage


You were on level 3 of the Dungeon.
You were hungry.

You visited 1 branch of the dungeon, and saw 3 of its levels.

You collected 93 gold pieces.

Inventory:

Hand Weapons
 a - a +0 war axe (weapon)
Armour
 c - a +0 shield (worn)
 s - a cursed +0 plate armour (worn)
Jewellery
 n - a +6 ring of strength (left hand)
 t - an amulet of rage (around neck)
Scrolls
 b - a scroll of immolation {unknown}
 e - a scroll of enchant armour {unknown}
 g - 3 scrolls of noise {unknown}
 l - a scroll of identify {unknown}
 m - 2 scrolls of fog {unknown}
 o - 3 scrolls of remove curse {unknown}
 p - a scroll of enchant weapon {unknown}
Potions
 d - a potion of might
 i - 2 potions of invisibility {unknown}
 j - a potion of brilliance {unknown}
 k - 2 potions of heal wounds {unknown}
 q - a potion of curing {unknown}
 r - 2 potions of mutation {unknown}
Comestibles
 f - 5 rations
 h - 5 chunks of flesh


   Skills:
 + Level 4.1 Fighting
 + Level 3.7 Axes
 + Level 3.3 Armour
 + Level 1.7 Dodging
 + Level 0.1 Stealth
 + Level 3.5 Shields


You had 5 spell levels left.
You didn't know any spells.
Your spell library was empty.

Dungeon Overview and Level Annotations

Branches:
Dungeon (3/15)

Altars:


Innate Abilities, Weirdness & Mutations

You have a pair of antennae on your head.
You have sharp toenails.
You are mostly covered in sharp spines.


Message History

The centaur hits you. The centaur is struck by your spines.
The centaur hits you but does no damage.
You closely miss the centaur.
The centaur is severely wounded.
The centaur barely misses you. The centaur is struck by your spines.
You kill the centaur!
You have reached level 6!
Your experience leads to an increase in your attributes!
Your base attributes are Str 16, Int 10, Dex 13.
Increase (S)trength, (I)ntelligence, or (D)exterity?
You feel agile.
Your demonic ancestry asserts itself...
Your toenails lengthen and sharpen.
Things that are here:
a +0 shortbow; 15 arrows; a centaur corpse You butcher the centaur corpse.
h - 5 chunks of flesh (gained 3)
Things that are here:
a +0 shortbow; 15 arrows; a centaur skeleton You are feeling hungry.
Are you sure you want to abandon this character and quit the game? (Confirm

##### #...
#####.####
#.(..@...#
#.##...#.# #####
###.##.......
##...###......#.#!##
#..#.)##.#.####.#.#
#.###....#...{ .# #
#..#..######## ##
####..........#
#.....#.......#


There were no monsters in sight!

Vanquished Creatures
  A centaur (D:3)
  3 orc priests
  4 gnolls
  An adder (D:2)
  3 worms
  A dart slug (D:2)
  3 leopard geckos (D:2)
  11 orcs
  A giant cockroach (D:2)
  7 hobgoblins
  6 kobolds
  6 bats
  A frilled lizard (D:2)
  5 goblins
  5 rats
58 creatures vanquished.

Notes
Turn   | Place    | Note
-------+----------+-------------------------------------------
     0 | D:1      | galech the Demonspawn Fighter began the quest for the Orb.
     0 | D:1      | Reached XP level 1. HP: 18/18 MP: 1/1
   150 | D:1      | Gained mutation: You have a pair of small antennae on your
                  | head. [demonic ancestry]
   150 | D:1      | Reached XP level 2. HP: 16/24 MP: 2/2
   789 | D:1      | Gained mutation: You are partially covered in sharp spines.
                  | [demonic ancestry]
   789 | D:1      | Reached XP level 3. HP: 12/29 MP: 3/3
   982 | D:1      | Reached skill level 1 in Dodging
  1299 | D:2      | Gained mutation: You have a pair of antennae on your head.
                  | [demonic ancestry]
  1299 | D:2      | Reached XP level 4. HP: 35/35 MP: 4/4
  1341 | D:2      | Found a faded altar of an unknown god.
  1708 | D:2      | Gained mutation: You are mostly covered in sharp spines.
                  | [demonic ancestry]
  1708 | D:2      | Reached XP level 5. HP: 14/41 MP: 5/5
  2131 | D:3      | Reached skill level 4 in Fighting
  2247 | D:3      | Noticed a centaur
  2254 | D:3      | Killed a centaur
  2254 | D:3      | Gained mutation: You have sharp toenails. [demonic
                  | ancestry]
  2254 | D:3      | Reached XP level 6. HP: 33/48 MP: 6/6
  2258 | D:3      | Quit the game

Vault maps used:
D:1:      lightli_arrival_windingriver, ebering_dispersal_statue_hall
D:2:      chequers_ecumenical_altar_twisty
D:3:      gammafunk_ghost_cemetery, amethyst_killhole, uniq_terence

Skill      XL: |  1  2  3  4  5 |
---------------+----------------+-----
Axes           | 2 3 |  3.7
Armour         | 3 |  3.3
Shields        | 3 |  3.5
Dodging        | 1 |  1.7
Fighting       | 4 |  4.1
Stealth        | |  0.1

Action                   |  1- 3 |  4- 6 || total
-------------------------+-------+-------++-------
Melee: War axe           |    79 |    61 ||   140
  Eat: Chunk             |     1 |     3 ||     4
Armor: Scale mail        |     5 |       ||     5
       Chain mail        |    18 |       ||    18
       Plate armour      |    17 |    28 ||    45
Dodge: Dodged            |    15 |    18 ||    33
Block: Shield            |    57 |    36 ||    93

Table legend:
 A = Non-vault XP
 B = Vault XP
 C = Vault XP percentage of total XP
 D = Non-vault monster count
 E = Vault monster count
 F = Vault count percentage of total count
                 A         B        C        D         E       F
            +---------+---------+-------+---------+---------+-------
      Total |     423 |       0 |   0.0 |      58 |       0 |   0.0
            +---------+---------+-------+---------+---------+-------
        D:1 |      66 |       0 |   0.0 |      16 |       0 |   0.0
        D:2 |     168 |       0 |   0.0 |      29 |       0 |   0.0
        D:3 |     189 |       0 |   0.0 |      13 |       0 |   0.0
            +---------+---------+-------+---------+---------+-------
